 Dungeon Crawl Stone Soup version 0.30-a0-358-g0d69a1922f (webtiles) character file.

Game seed: 14798774377831169696

233 Manisia the Trooper (level 5, -1/47 HPs)
             Began as a Minotaur Berserker on Nov 10, 2022.
             Was a Believer of Trog.
             Slain by a gnoll
             ... wielding a +0 flail
             ... led by a gnoll bouda
              (6 damage)
             ... on level 4 of the Dungeon.
             The game lasted 00:04:44 (2912 turns).

Manisia the Trooper (Minotaur Berserker)            Turns: 2912, Time: 00:04:45

Health: -1/47      AC:  9    Str: 22    XL:     5   Next: 74%
Magic:  4/4        EV:  8    Int:  4    God:    Trog [**....]
Gold:   119        SH:  0    Dex: 11    Spells: 4/4 levels left

rFire   . . .      SeeInvis .    d - +0 great mace
rCold   . . .      Faith    .    (shield currently unavailable)
rNeg    . . .      Spirit   .    f - +0 chain mail
rPois   .          Reflect  .    (helmet restricted)
rElec   .          Harm     .    (no cloak)
rCorr   .          Rampage  .    (no gloves)
Will    .....                    (no boots)
Stlth   ..........               (no amulet)
HPRegen 0.27/turn                (no ring)
MPRegen 0.09/turn                (no ring)

@: confused, lethally poisoned (-1 -> -17), ambrosia-drunk, on berserk cooldown,
slowed, very slow
A: horns 2, retaliatory headbutt
a: Renounce Religion, Berserk, Trog's Hand


You were on level 4 of the Dungeon.
You worshipped Trog.
Trog was pleased with you.
You visited 1 branch of the dungeon, and saw 4 of its levels.

You collected 119 gold pieces.

Inventory:

Hand Weapons
 a - a +1 spear of chaos
 d - a +0 great mace (weapon)
 m - a +2 long sword of freezing
Missiles
 c - 58 stones (quivered)
 k - 8 poisoned darts
Armour
 b - a +0 animal skin
 f - a +0 chain mail (worn)
 l - a +1 buckler
Jewellery
 g - a ring of ice
Potions
 e - a potion of lignification
 i - a potion of haste {unknown}
 j - a potion of brilliance {unknown}
 o - 3 potions of curing {unknown}
 p - a potion of berserk rage {unknown}
 q - a potion of degeneration {unknown}


   Skills:
 + Level 4.9 Fighting
 + Level 3.5 Maces & Flails
 - Level 4.8 Polearms
 * Level 1.0 Throwing
 + Level 3.1 Armour
 - Level 3.0 Dodging


You had 4 spell levels left.
You didn't know any spells.
Your spell library was empty.

Dungeon Overview and Level Annotations

Branches:
Dungeon (4/15)
 Temple: D:4-7

Altars:
Makhleb

Shops:
D:3 [

Annotations:
D:4 Sigmund


Innate Abilities, Weirdness & Mutations

You have a pair of horns on your head.
You reflexively headbutt those who attack you in melee.


Message History

The gnoll hits you from afar with a +0 spear.
You're too confused to move!
You feel sick.
The howler monkey hoots and howls with incredible vigour!
The adder bites you but does no damage.
Sigmund hits you with a +1 scythe of venom.
You are more poisoned.
The gnoll hits you from afar with a +0 spear.
* * * LOW HITPOINT WARNING * * *
The ufetubus hits you.
* * * LOW HITPOINT WARNING * * *
The ufetubus closely misses you. The adder bites you.
* * * LOW HITPOINT WARNING * * *
You hear an angry hiss.
You hear a shout! x3
You're too confused to move!
* * * LOW HITPOINT WARNING * * *
You feel very sick.
The ufetubus hits you but does no damage.
The ufetubus closely misses you. The howler monkey hits you.
* * * LOW HITPOINT WARNING * * *
The adder bites you but does no damage. The gnoll closely misses you.
The ufetubus hits you but does no damage.
The ufetubus barely misses you.
Sigmund points at you and mumbles some strange words.
The magic dart hits you.
* * * LOW HITPOINT WARNING * * *
The howler monkey hits you but does no damage.
The adder bites you but does no damage. The gnoll hits you but does no damage.
You are more confused.
You feel invigorated.
* * * LOW HITPOINT WARNING * * *
You feel very sick. The ufetubus barely misses you.
The ufetubus closely misses you. The adder bites you but does no damage.
The howler monkey barely misses you. Sigmund hits you but does no damage.
You are more poisoned.
The ufetubus barely misses you.
The ufetubus hits you but does no damage.
A gnoll bouda comes into view. It is wielding a +0 whip.
The gnoll hits you with a +0 flail.
You die...

..............#.#
......###..##...# ##.
...... ##..†#...#....
...##.##..#.#........
... #....##...##.....
.....##)........
###............
#.....S..##...
#....h@5.# ..
#....g@..# #...g....#
#........#
#.........#
#.........#
..........#
g##########


You could see Sigmund (resistant), a gnoll bouda, a howler monkey, 2 gnolls, an
adder and an ufetubus.

Vanquished Creatures
  A phantom (D:4)
  2 orc priests (D:3)
  3 adders
  A worm (D:3)
  3 dart slugs
  7 orcs
  2 bats (D:1)
  6 endoplasms
  A giant cockroach (D:2)
  4 goblins
  5 hobgoblins
  4 jackals
  3 kobolds
  2 quokkas
  9 ball pythons
  4 frilled lizards
  3 rats
60 creatures vanquished.

Notes
Turn   | Place    | Note
-------+----------+-------------------------------------------
     0 | D:1      | Manisia the Minotaur Berserker began the quest for the Orb.
     0 | D:1      | Reached XP level 1. HP: 19/19 MP: 0/0
   212 | D:1      | Reached XP level 2. HP: 20/27 MP: 1/1
  1154 | D:2      | Reached XP level 3. HP: 33/33 MP: 2/2
  1387 | D:2      | Found a burning altar of Makhleb.
  1997 | D:3      | Reached ** piety under Trog
  2234 | D:3      | Reached XP level 4. HP: 41/41 MP: 3/3
  2251 | D:3      | Reached skill level 1 in Maces & Flails
  2422 | D:3      | Found Liota's Antique Armour Emporium.
  2453 | D:3      | Found a faded altar of an unknown god.
  2453 | D:3      | Noticed a rust devil
  2475 | D:3      | Reached XP level 5. HP: 47/47 MP: 4/4
  2892 | D:4      | Noticed a phantom
  2899 | D:4      | Killed a phantom
  2900 | D:4      | Reached skill level 1 in Throwing
  2901 | D:4      | Noticed Sigmund
  2911 | D:4      | HP: 1/47 [Sigmund/magic dart (4)]
  2912 | D:4      | Slain by a gnoll

Illustrated notes

Levels and vault maps discovered:
D:1:      dpeg_arrival_lava_temple_mockup, layout_loops_corners, minmay_3d_cube
D:2:      layout_loops_ring, basic_altar
D:3:      layout_basic, dreamdust_ecumenical_altar_sealed_demon, serial_shops,
          shop, minmay_statues_item
D:4:      layout_rooms, gammafunk_ghost_abyssal_escape, uniq_sigmund

Skill      XL: |  1  2  3  4  5 |
---------------+----------------+-----
Fighting       | 4 |  4.9
Polearms       | 4 |  4.8
Armour         | 3 |  3.1
Maces & Flails | 2 3 |  3.5
Dodging        | 3 |  3.0
Throwing       | 1 |  1.0

Action                   |  1- 3 |  4- 6 || total
-------------------------+-------+-------++-------
Melee: Spear             |    54 |       ||    54
       Headbutt          |     8 |     6 ||    14
       Great mace        |    39 |    51 ||    90
Invok: Berserk           |     1 |     2 ||     3
  Use: Scroll            |    10 |     1 ||    11
       Potion            |       |     1 ||     1
 Stab: Sleeping          |     2 |       ||     2
Armor: Animal skin       |    12 |     4 ||    16
       Chain mail        |       |    51 ||    51
Dodge: Dodged            |    52 |    44 ||    96

Table legend: (Time is in decaauts)
 A = Elapsed time spent in this place.
 B = Non-inter-level travel time spent in this place.
 C = Inter-level travel time spent in this place.
 D = Time resting spent in this place.
 E = Time spent auto-exploring this place.
 F = Levels seen in this place.
 G = Mean time per level.
                   A        B        C        D        E       F      G
               +--------+--------+--------+--------+--------+-----+--------+
         Total |   2983 |   2798 |    185 |     30 |   2309 |   4 |  745.8 |
       Dungeon |   2983 |   2798 |    185 |     30 |   2309 |   4 |  745.8 |
               +--------+--------+--------+--------+--------+-----+--------+

Top non-repeatable levels by time:
     D:1: 1146 daAuts
     D:2: 854 daAuts
     D:3: 819 daAuts
     D:4: 162 daAuts
